 Dungeon Crawl Stone Soup version 0.32-a0-666-ge8a88695a4 (webtiles) character file.

Game seed: 7806103497289959258

155187 octoduck the Warrior (level 17, -2/128 (146) HPs)
             Began as a Coglin Gladiator on Mar 9, 2024.
             Was an Initiate of Gozag.
             Slain by a spark wasp (13 damage)
             ... on level 2 of the Spider Nest.
             The game lasted 01:53:29 (43428 turns).

octoduck the Warrior (Coglin Gladiator)            Turns: 43428, Time: 01:53:30

HP:   -2/128 (146)  AC: 24    Str: 16    XL:     17   Next: 64%
MP:   5/5           EV: 11    Int: 10    God:    Gozag
Gold: 4167          SH:  0    Dex: 21    Spells: 16/16 levels left

rFire   + + .        O - +4 demon blade (venom) {Daeho}
rCold   . . .        h - +1 demon blade (antimagic) {Tawil}
rNeg    . . .        Y - +1 plate armour {rF+}
rPois   +            c - +0 helmet
rElec   .            r - +0 cloak of the Guild-Master {Will+ Int+3 Stlth+}
rCorr   +            k - +0 pair of gloves of the gadgeteer {Gadgeteer Wandboost ^Fragile}
SInv    .            n - +0 pair of boots
Will    ++...        (amulet unavailable) Stlth
                     (ring unavailable)
HPRegen 0.41/turn    (ring unavailable)
MPRegen 0.09/turn    X - bismuth turbocapacitor {Rampage Acrobat rPois rF+ rCorr}

%: acrobat, rampage
@: heavily drained, revving
A: off-hand wielding, slow wielding, warmup strikes, no jewellery, dopey 1
a: Renounce Religion, Potion Petition, Call Merchant, Bribe Branch


You were on level 2 of the Spider Nest.
You worshipped Gozag.
Gozag was most pleased with you.
You visited 6 branches of the dungeon, and saw 27 of its levels.
You also visited: Bailey.

You collected 10311 gold pieces.
You spent 3370 gold pieces at shops.
You paid 2774 gold pieces to Gozag.

Inventory:

Hand Weapons
 h - a +1 antimagic demon blade (offhand) {Tawil}
 O - a +4 demon blade of venom (weapon) {Daeho}
 W - a +0 quick blade {Gaius}
Missiles
 a - 4 curare-tipped darts
 d - a throwing net (quivered)
 e - 7 javelins
 K - 11 silver javelins
Armour
 c - a +0 helmet (worn)
 k - the +0 pair of gloves of the gadgeteer (worn) {Gadgeteer Wandboost ^Fragile}
   (You bought it in a shop on level 14 of the Dungeon)

   Gadgeteer: Your evocable items recharge 30% faster and wands have a 30%
   chance to not spend a charge.
   Wandboost: Your wands are more powerful.
   ^Fragile:  It will be destroyed if unequipped.
 l - a +2 ring mail of cold resistance
 n - a +0 pair of boots (worn)
 r - the +0 cloak of the Guild-Master (worn) {Will+ Int+3 Stlth+}
   (You bought it in a shop on level 2 of the Orcish Mines)

   Int+3:     It affects your intelligence (+3).
   Will+:     It increases your willpower.
   Stlth+:    It makes you more stealthy.
 t - a scarf of repulsion
 z - the +6 chain mail "Lofeudus" {Int+3}
   (You bought it in a shop on level 2 of the Orcish Mines)

   Int+3:     It affects your intelligence (+3).
 Y - a +1 plate armour of fire resistance (worn)
Gizmo
 X - a bismuth turbocapacitor (installed) {Rampage Acrobat rPois rF+ rCorr}
   (You invented it yourself on level 1 of the Orcish Mines)

   [bismuth turbocapacitor]

   rF+:       It protects you from fire.
   rPois:     It protects you from poison.
   rCorr:     It protects you from acid and corrosion.
   Rampage:   It bestows one free step when moving towards enemies.
   Acrobat:   It increases your evasion after moving or waiting.
Wands
 w - a wand of charming (34)
 y - a wand of polymorph (3)
 B - a wand of quicksilver (13)
 P - a wand of iceblast (9)
 S - a wand of flame (6)
Scrolls
 b - a scroll of summoning
 g - 4 scrolls of fear
 i - 3 scrolls of vulnerability
 j - 3 scrolls of torment
 m - 12 scrolls of teleportation
 o - 7 scrolls of enchant weapon
 u - 2 scrolls of poison
 v - 5 scrolls of enchant armour
 x - a scroll of blinking
 D - a scroll of brand weapon {unknown}
 F - a scroll of immolation
 G - a scroll of silence
 M - a scroll of fog
 V - 2 scrolls of revelation {unknown}
Potions
 f - 3 potions of cancellation
 p - 7 potions of curing
 q - 5 potions of magic
 s - 2 potions of haste
 A - 2 potions of might
 E - 4 potions of brilliance
 H - a potion of invisibility
 I - 2 potions of attraction
 L - a potion of enlightenment
 N - 3 potions of resistance
 Q - 3 potions of heal wounds
 Z - 2 potions of mutation
Miscellaneous
 C - a sack of spiders
 J - a phial of floods
 R - a phantom mirror
 T - a lightning rod (4/4)
 U - a tin of tremorstones (2/2)


   Skills:
 + Level 16.9 Fighting
 - Level 14.7 Long Blades
 - Level 2.1 Throwing
 + Level 15.1 Armour
 + Level 11.5 Dodging
 - Level 5.2 Stealth
 - Level 11.5 Evocations


You had 16 spell levels left.
You didn't know any spells.
Your spell library contained the following spells:

 Spells                   Type           Power      Damage    Failure   Level
 Apportation              Tloc           0%         N/A       100%        1
 Magic Dart               Conj           0%         1d3       100%        1
 Necrotise                Necr           0%         1d4       100%        1
 Sandblast                Erth           0%         2d4       100%        1
 Shock                    Conj/Air       0%         1d3       100%        1
 Sting                    Conj/Alch      0%         1d3       100%        1
 Summon Small Mammal      Summ           0%         N/A       100%        1
 Blink                    Tloc           0%         N/A       100%        2
 Ensorcelled Hibernation  Hex/Ice        0%         N/A       100%        2
 Lesser Beckoning         Tloc           0%         N/A       100%        2
 Momentum Strike          Conj/Tloc      0%         3d8       100%        2
 Scorch                   Fire           0%         2d5       100%        2
 Searing Ray              Conj           0%         2d4       100%        2
 Fugue of the Fallen      Necr           0%         N/A       100%        3
 Gell's Gravitas          Tloc           0%         N/A       100%        3
 Inner Flame              Hex/Fire       0%         N/A       100%        3
 Ozocubu's Armour         Ice            0%         N/A       100%        3
 Passwall                 Erth           0%         N/A       100%        3
 Stone Arrow              Conj/Erth      0%         3d7       100%        3
 Summon Ice Beast         Ice/Summ       0%         N/A       100%        3
 Swiftness                Air            0%         N/A       100%        3
 Teleport Other           Tloc           0%         N/A       100%        3
 Tukima's Dance           Hex            0%         N/A       100%        3
 Airstrike                Air            0%         2d(0-16)  100%        4
 Anguish                  Hex/Necr       0%         N/A       100%        4
 Brom's Barrelling Bould  Conj/Erth      0%         2d3       100%        4
 Flame Wave               Conj/Fire      0%         2d4       100%        4
 Fulminant Prism          Conj/Alch      0%         3d5       100%        4
 Ignite Poison            Fire/Alch      0%         N/A       100%        4
 Manifold Assault         Tloc           0%         N/A       100%        4
 Passage of Golubria      Tloc           0%         N/A       100%        4
 Petrify                  Alch/Erth      0%         N/A       100%        4
 Sticky Flame             Fire/Alch      0%         2d4       100%        4
 Metabolic Englaciation   Hex/Ice        0%         N/A       100%        5
 Silence                  Hex/Air        0%         N/A       100%        5
 Summon Mana Viper        Hex/Summ       0%         N/A       100%        5
 Yara's Violent Unravell  Hex/Alch       0%         3d3       100%        5
 Dispersal                Tloc           0%         N/A       100%        6
 Sculpt Simulacrum        Ice/Alch       0%         N/A       100%        6
 Summon Cactus Giant      Summ           0%         N/A       100%        6
 Haunt                    Necr/Summ      0%         N/A       100%        7
 Monstrous Menagerie      Summ           0%         N/A       100%        7
 Borgnjor's Revivificati  Necr           0%         N/A       100%        8
 Disjunction              Tloc           0%         N/A       100%        8
 Lehudib's Crystal Spear  Conj/Erth      0%         10d2      100%        8
 Death's Door             Necr           0%         N/A       100%        9


Dungeon Overview and Level Annotations

Branches:
Dungeon (15/15)            Temple (1/1) D:7            Lair (5/5) D:8
 Shoals (1/4) Lair:2       Spider (3/4) Lair:2        Slime (0/5) Lair:5
    Orc (2/2) D:11            Elf (0/3) Orc:2        Vaults (0/5) D:14
 Depths (0/4) D:15         Bailey (visited)

Altars:
Ashenzari
Cheibriados
Dithmenos
Elyvilon
Fedhas
Gozag
Hepliaklqana
Kikubaaqudgha
Makhleb
Nemelex Xobeh
Okawaru
Qazlal
Ru
Sif Muna
Trog
Uskayaw
Vehumet
Wu Jian
Xom
Yredelemnul
Zin
The Shining One
Beogh
Jiyva

Shops:
D:7 :   D:8 :   D:13 (   D:14 [   Orc:2 *[[*

Portals:
Hell: Lair:5

Annotations:
Spider:1 2 transporters, scarr's ghost, journeyman MDDe


Innate Abilities, Weirdness & Mutations

You can wield a second weapon in your off-hand.
It takes a long time for you to wield or remove held weapons.
Your first few attacks do less damage.
You cannot equip rings or amulets.
You are dopey. (Int -2)


Message History

The radroach is no longer distracted by gold.
The jumping spider barely misses you.
The jumping spider completely misses you.
The jumping spider leaps! x3
The jumping spider leaps!
The moth of wrath goads the broodmother on!
The broodmother goes berserk!
The jumping spider leaps!
There is a stone staircase leading up here.
You hit the broodmother with your +1 antimagic demon blade.
The broodmother is lightly wounded.
You completely miss the broodmother with your +4 demon blade of venom.
The broodmother bites you!! The spark wasp barely misses you.
You hit the broodmother with your +4 demon blade of venom.
The broodmother is poisoned.
The broodmother is lightly wounded.
You barely miss the broodmother with your +1 antimagic demon blade.
The broodmother bites you but does no damage.
The spark wasp stings you. The spark wasp shocks you!
The broodmother bites you!!!
A spider bursts forth from the wound!
The spark wasp stings you but does no damage.
The broodmother bites you.
A spider bursts forth from the wound!
The jumping spider leaps!
You hear a skittering sound.
You climb upwards.
The jumping spider disappears in a puff of smoke! x2
The tarantella disappears in a puff of smoke!
The jumping spider disappears in a puff of smoke!
There is a stone staircase leading down here.
You slash the broodmother with your +1 antimagic demon blade!
The broodmother is lightly wounded.
You hit the broodmother with your +4 demon blade of venom.
The broodmother looks as sick as possible!
The broodmother bites you!!
* * * LOW HITPOINT WARNING * * *
The spark wasp stings you!
* * * LOW HITPOINT WARNING * * *
The spark wasp shocks you!
You die...
Your body crumbles into a pile of gold.

....#..##....#.#....#.....#.^###.
#####..#.....###^|>.#..#####.###.
.........#^....##...##.[...###.##
......##.#<..........##...##...##
....#..###...###...#..#...(......
.#.[#...#....#.^....####.........
#...#.#.#....#..#.....^#..###....
(...#####....#..#......#....##.#.
...##(..##...###@y#........######
#...#....^.....s..#..#...#...#
...#####..#....#..#..#.#.#...#
....#.#..##....#.##....#######
.#....#..#.....###^........#
.#....##.#.#..##...........##
.......#####..^#..#.........#
......## #...#.#.^#........##
#^#.#..# ##..###..#.....####


You could see a broodmother (berserk, extremely poisoned) and a spark wasp.

Vanquished Creatures
  Arachne (Spider:2)
  Nikola (Spider:1)
  Mlioglotl (Spider:2)
  Frances (Spider:1)
  Agnes (Spider:1)
  Donald (Spider:1)
  Roxanne (Spider:1)
  A storm dragon (D:15)
  An orc warlord (Orc:1)
  The ghost of ragingrage the Fighter, a journeyman DgWn (Orc:1)
  Azrael (Spider:2)
  A spark wasp (Spider:2)
  A merfolk impaler (Lair:2)
  Josephine (Orc:2)
  An entropy weaver (Spider:1)
  4 vault guards (D:14)
  The ghost of Fodor the Protected, a journeyman MiFi of Gozag (D:10)
  5 hydras
  The ghost of Ruich the Summoner, a journeyman TeSu of Gozag (Lair:2)
  A deep elf high priest (D:15)
  2 radroaches
  A rakshasa (D:15)
  5 ogre magi
  An ice dragon (D:10)
  4 catoblepae
  A merfolk aquamancer (Lair:2)
  7 centaur warriors
  2 boulder beetles
  The ghost of Malificent the Cleaver, a novice MDAr of Qazlal (D:8)
  21 two-headed ogres
  A deep troll earth mage (D:15)
  3 demonic crawlers
  7 death yaks
  Urug (D:13)
  A death scarab (Spider:2)
  An occultist (Lair:5)
  2 deep elf knights (D:15)
  2 skysharks (shapeshifter) (D:15)
  A sun demon (Lair:5)
  6 skeletal warriors
  2 pharaoh ants
  A fire crab (D:15)
  3 skysharks
  3 sea snakes
  Lodul (D:13)
  An arcanist (D:8)
  A sun moth (shapeshifter) (D:15)
  3 orb spiders
  Pikel (D:4)
  A deep elf archer (D:15)
  3 orc knights
  A harpy (Lair:2)
  An obsidian statue (D:15)
  3 deep elf pyromancers
  3 steelbarb worms
  18 ugly things
  An orc sorcerer (Orc:1)
  Maurice (Orc:2)
  12 wolf spiders
  A faun (Lair:2)
  2 moths of wrath
  A meliai (shapeshifter) (D:15)
  6 cyclopes
  5 manticores
  5 elephants
  A black mamba (shapeshifter) (D:15)
  A molten gargoyle (D:13)
  A water nymph (shapeshifter) (D:15)
  5 black mambas
  14 cane toads
  3 torpor snails
  3 orange demons (Lair:5)
  A cane toad (shapeshifter) (D:15)
  3 rime drakes
  3 kobold demonologists
  3 unseen horrors
  11 komodo dragons
  A tengu conjurer (D:8)
  A freezing wraith (D:15)
  5 yaktaurs (D:15)
  An ice devil (Lair:5)
  A red devil (Lair:5)
  4 trolls
  3 polar bears
  A hellwing (Lair:5)
  2 merfolk (Lair:2)
  13 tarantellas
  A polar bear (shapeshifter) (D:15)
  3 raiju (shapeshifter)
  25 blink frogs
  8 slime creatures (D:12)
  8 culicivoras
  2 vampires
  13 jumping spiders
  3 water elementals
  2 shadows
  5 basilisks
  5 wraiths
  6 wyverns
  A basilisk (shapeshifter) (D:15)
  40 yaks
  6 humans (D:14)
  5 fire elementals
  2 steam dragons (D:8)
  Menkaure (D:7)
  A redback simulacrum (D:15)
  22 redbacks
  4 acid dragons
  13 water moccasins
  7 hell hounds
  2 black bears
  2 ice beasts (D:5)
  32 orc warriors
  4 boggarts (D:14)
  7 wolves
  37 ogres
  An ogre (shapeshifter) (D:15)
  14 centaurs
  A lemure (D:4)
  2 kobold brigands
  19 bullfrogs
  Blork the orc (D:6)
  2 gnoll sergeants
  2 scorpions (D:5)
  A water moccasin zombie (D:5)
  9 wights
  9 killer bees
  An electric eel (Lair:5)
  4 crimson imps (D:11)
  A bombardier beetle (D:5)
  4 lava snakes (D:13)
  2 bullfrog zombies (D:5)
  Crazy Yiuf (D:4)
  19 orc priests
  A jelly (D:5)
  A scrub nettle (Lair:2)
  3 hounds
  A human skeleton (D:8)
  A sleepcap (D:7)
  Ijyb (D:4)
  Terence (D:3)
  5 hell rats (Lair:5)
  2 iguanas (D:5)
  20 orc wizards
  2 scorpion zombies (D:5)
  A hound skeleton (D:8)
  A howler monkey zombie (D:5)
  28 gnolls
  11 adders
  A white imp (D:7)
  3 dart slugs
  85 orcs
  5 bats
  7 endoplasms
  2 giant cockroaches
  12 goblins
  14 hobgoblins
  5 jackals
  8 kobolds
  2 quokkas (D:4)
  6 ball pythons
  4 frilled lizards
  6 rats
857 creatures vanquished.

Vanquished Creatures (collateral kills)
  An orc (D:4)
  A goblin (Bailey)
2 creatures vanquished.

Vanquished Creatures (others)
  A hydra (D:15)
  2 humans (D:14)
  An orc wizard (Orc:2)
4 creatures vanquished.

Grand Total: 863 creatures vanquished

Notes
Turn   | Place    | Note
-------+----------+-------------------------------------------
     0 | D:1      | octoduck the Coglin Gladiator began the quest for the Orb.
     0 | D:1      | Reached XP level 1. HP: 16/16 MP: 1/1
    65 | D:1      | Reached XP level 2. HP: 22/22 MP: 2/2
   488 | D:1      | Reached XP level 3. HP: 28/28 MP: 3/3
   751 | D:2      | Found a faded altar of an unknown god.
   963 | D:2      | Reached XP level 4. HP: 34/34 MP: 4/4
  1008 | D:2      | Reached skill level 3 in Fighting
  1236 | D:2      | Reached XP level 5. HP: 31/41 MP: 5/5
  1553 | D:3      | Noticed Terence
  1574 | D:3      | Killed Terence
  2190 | D:3      | Reached XP level 6. HP: 48/48 MP: 6/6
  2734 | D:4      | Reached skill level 5 in Long Blades
  2867 | D:4      | Noticed an orc warrior
  3086 | D:4      | Noticed Ijyb
  3107 | D:4      | Killed Ijyb
  3415 | D:4      | Noticed Pikel
  3435 | D:4      | Killed Pikel
  3436 | D:4      | Reached XP level 7. HP: 23/53 MP: 7/7
  3436 | D:4      | Reached XP level 8. HP: 26/60 MP: 8/8
  3671 | D:4      | Found a runed translucent door.
  3672 | D:4      | Noticed Crazy Yiuf
  3678 | D:4      | Killed Crazy Yiuf
  4327 | D:5      | Entered Level 5 of the Dungeon
  4327 | D:5      | Found a radiant altar of Vehumet.
  4453 | D:5      | Noticed a shadow
  4480 | D:5      | Killed a shadow
  4659 | D:5      | Reached skill level 10 in Long Blades
  4671 | D:5      | Found a basalt altar of Yredelemnul.
  4745 | D:5      | Reached XP level 9. HP: 36/65 MP: 9/9
  5161 | D:5      | Found an opulent altar of Gozag.
  5177 | D:5      | Became a worshipper of Gozag Ym Sagoz the Greedy
  6367 | D:6      | Found a broken altar of Ashenzari.
  6460 | D:6      | Noticed Blork the orc
  6471 | D:6      | Killed Blork the orc
  6472 | D:6      | Reached skill level 1 in Stealth
  6797 | D:6      | Noticed a cyclops
  7157 | D:7      | Found Wyhebofo's Book Shoppe.
  7175 | D:7      | Noticed Menkaure
  7183 | D:7      | Killed Menkaure
  7372 | D:7      | Reached XP level 10. HP: 69/71 MP: 10/10
  7996 | D:7      | Found a staircase to the Ecumenical Temple.
  8005 | Temple   | Entered the Ecumenical Temple
  8117 | D:8      | Identified the +1 morningstar "Tukod" {flame, rCorr}
  8140 | D:8      | Noticed a two-headed ogre
  8156 | D:8      | Killed a two-headed ogre
  8401 | D:8      | Found Deeqet's Book Emporium.
  8448 | D:8      | Found a staircase to the Lair.
  8545 | D:8      | Found a runed translucent door.
  8548 | D:8      | Noticed Malificent's ghost (novice MDAr)
  9340 | D:9      | Noticed a kobold demonologist
  9353 | D:9      | Noticed a kobold demonologist
  9355 | D:9      | Killed a kobold demonologist
  9364 | D:9      | Killed a kobold demonologist
  9484 | D:8      | Reached skill level 5 in Stealth
 10048 | D:9      | Reached skill level 4 in Fighting
 10048 | D:9      | Reached XP level 11. HP: 44/77 MP: 11/11
 10196 | D:9      | Found a white marble altar of Elyvilon.
 10451 | D:9      | Reached skill level 1 in Armour
 11616 | D:10     | Entered Level 10 of the Dungeon
 11631 | D:10     | Found a transporter.
 11633 | D:10     | Noticed Fodor's ghost (journeyman MiFi)
 11634 | D:10     | Noticed an ice dragon
 11646 | D:10     | Found a transporter.
 11651 | D:10     | Noticed a moth of wrath
 11733 | D:10     | Noticed a soul eater
 11875 | D:10     | Found an ancient bone altar of Kikubaaqudgha.
 12010 | D:10     | Found a flagged portal.
 12026 | Bailey   | Entered a bailey
 12264 | Bailey   | Reached skill level 5 in Fighting
 12633 | Bailey   | Noticed an orc warlord
 12732 | Bailey   | Acquired a +4 demon blade of venom
 12971 | D:10     | Found an ornate altar of the Wu Jian Council.
 13013 | D:10     | Found a stormy altar of Qazlal.
 13195 | D:10     | Found a shimmering blue altar of Sif Muna.
 13196 | D:10     | Found a shadowy altar of Dithmenos.
 13199 | D:10     | Found a glowing silver altar of Zin.
 13199 | D:10     | Found a sacrificial altar of Ru.
 13200 | D:10     | Found a hide-covered altar of Uskayaw.
 13206 | D:10     | Found an iron altar of Okawaru.
 13294 | D:10     | Found a shimmering altar of Xom.
 13713 | D:11     | Found a staircase to the Orcish Mines.
 14277 | D:11     | Noticed a cyclops
 14278 | D:11     | Found a shimmering altar of Xom.
 14324 | D:11     | Killed a cyclops
 14325 | D:11     | Reached skill level 6 in Fighting
 15028 | D:12     | Noticed a cyclops
 15040 | D:12     | Killed a cyclops
 15049 | D:12     | Reached skill level 5 in Armour
 15317 | D:12     | Reached skill level 7 in Fighting
 15551 | D:12     | Noticed a cyclops
 15565 | D:12     | Killed a cyclops
 16094 | D:12     | Reached XP level 12. HP: 62/92 MP: 12/12
 16408 | D:12     | Reached skill level 8 in Fighting
 16837 | D:8      | Found a burning altar of Makhleb.
 16965 | D:8      | Noticed a two-headed ogre
 16971 | D:8      | Killed a two-headed ogre
 16988 | D:8      | Found a runed translucent door.
 17695 | D:8      | Noticed a centaur warrior
 17711 | D:8      | Noticed an eight-headed hydra
 17715 | D:8      | Reached skill level 9 in Fighting
 17873 | D:8      | Killed an eight-headed hydra
 17874 | D:8      | Reached skill level 1 in Evocations
 17932 | D:8      | Noticed a centaur warrior
 17937 | D:8      | Killed a centaur warrior
 17941 | D:8      | Identified the +2 quarterstaff "Zuogil" {speed, rPois
                  | Str+3}
 17952 | D:8      | Killed a centaur warrior
 18422 | D:8      | Killed Malificent's ghost
 18865 | Lair:1   | Entered Level 1 of the Lair of Beasts
 19219 | Lair:1   | Reached skill level 5 in Evocations
 19239 | Lair:1   | Reached skill level 10 in Fighting
 19260 | Lair:1   | Reached XP level 13. HP: 73/103 MP: 13/13
 19920 | Lair:1   | Got Rut Nisch's Vellum of the Athanor
 20799 | Lair:2   | Found a runed translucent gate.
 20800 | Lair:2   | Found a runed translucent gate.
 20800 | Lair:2   | Found a runed translucent gate.
 20800 | Lair:2   | Noticed Ruich's ghost (journeyman TeSu)
 20823 | Lair:2   | Killed Ruich's ghost
 21238 | Lair:2   | Reached skill level 11 in Fighting
 21412 | Lair:2   | Found a staircase to the Shoals.
 21859 | Lair:2   | Found a hole to the Spider Nest.
 22872 | Orc:1    | Entered Level 1 of the Orcish Mines
 22949 | Orc:2    | Entered Level 2 of the Orcish Mines
 23156 | Orc:2    | Found a shimmering altar of Xom.
 23156 | Orc:2    | Noticed an orc warlord
 23157 | Orc:2    | Noticed Maurice
 23412 | Orc:1    | Killed an orc warlord
 23637 | Orc:2    | Killed Maurice
 23784 | Orc:2    | Reached skill level 10 in Armour
 24084 | Orc:2    | Reached XP level 14. HP: 60/114 MP: 4/14
 24246 | Orc:1    | Acquired a bismuth turbocapacitor {Rampage Acrobat rPois
                  | rF+ rCorr}
 24276 | Orc:1    | Reached skill level 10 in Evocations
 24370 | Orc:2    | Found a staircase to the Elven Halls.
 24450 | Orc:2    | Reached skill level 12 in Fighting
 24644 | Orc:1    | Found a runed translucent gate.
 24644 | Orc:1    | Found a runed translucent gate.
 24644 | Orc:1    | Found a runed translucent gate.
 24648 | Orc:1    | Noticed ragingrage's ghost (journeyman DgWn)
 24684 | Orc:1    | Killed ragingrage's ghost
 24686 | Orc:1    | Gained mutation: You are dopey. (Int -2) [mutagenic glow]
 25164 | Orc:2    | Found a roughly hewn altar of Beogh.
 25277 | Orc:2    | Noticed Josephine
 25296 | Orc:2    | Killed Josephine
 25828 | Orc:1    | Found a roughly hewn altar of Beogh.
 26122 | Orc:2    | Found Wanloyl's Antique Armour Shop.
 26122 | Orc:2    | Found Jistropes's Assorted Antiques.
 26123 | Orc:2    | Found Piethotaeth's Armour Shop.
 26123 | Orc:2    | Found Ucipaorigh's General Store.
 26381 | Orc:2    | Found a roughly hewn altar of Beogh.
 26474 | Orc:2    | Bought a scroll of identify for 56 gold pieces
 26474 | Orc:2    | Bought a scroll of identify for 56 gold pieces
 26582 | Orc:2    | Bought 2 potions of cancellation for 272 gold pieces
 26583 | Orc:2    | Bought a warped cloak for 313 gold pieces
 26583 | Orc:2    | Identified the +0 cloak of the Guild-Master {Will+ Int+3
                  | Stlth+} (You bought it in a shop on level 2 of the Orcish
                  | Mines)
 26594 | Orc:2    | Bought an encrusted chain mail for 313 gold pieces
 26594 | Orc:2    | Identified the +6 chain mail "Lofeudus" {Int+3} (You bought
                  | it in a shop on level 2 of the Orcish Mines)
 26596 | Orc:2    | Bought a sack of spiders for 680 gold pieces
 28084 | Lair:4   | Reached skill level 13 in Fighting
 28375 | Lair:5   | Entered Level 5 of the Lair of Beasts
 28427 | Lair:5   | Reached skill level 5 in Dodging
 28455 | Lair:5   | Found a viscous altar of Jiyva.
 28455 | Lair:5   | Found a staircase to the Slime Pits.
 28867 | Lair:4   | Reached XP level 15. HP: 95/124 MP: 5/15
 30631 | Lair:5   | Found a burning altar of Makhleb.
 30644 | Lair:5   | Reached skill level 14 in Fighting
 30965 | Lair:5   | Found a gateway to Hell.
 31106 | Shoals:1 | Entered Level 1 of the Shoals
 31845 | D:10     | Killed Fodor's ghost
 32075 | D:10     | Identified the ring of Curiosity {rPois rC+ Int+6 Slay+2}
 32426 | D:13     | Found Otyd's Weapon Emporium.
 32912 | D:13     | Noticed Lodul
 32931 | D:13     | Killed Lodul
 33001 | D:13     | Noticed Urug
 33013 | D:13     | Killed Urug
 33764 | D:14     | Found a stormy altar of Qazlal.
 34078 | D:14     | Reached XP level 16. HP: 126/134 MP: 5/16
 34143 | D:14     | Found Bagoga's Antique Armour Shop.
 34159 | D:14     | Bought the +0 pair of gloves of the gadgeteer {Gadgeteer
                  | Wandboost ^Fragile} for 1680 gold pieces
 34159 | D:14     | Found the +0 pair of gloves of the gadgeteer {Gadgeteer
                  | Wandboost ^Fragile}
 34599 | D:14     | Reached skill level 15 in Fighting
 34731 | D:14     | Found a gate to the Vaults.
 34830 | D:14     | Found a roughly hewn altar of Beogh.
 34945 | D:15     | Entered Level 15 of the Dungeon
 35061 | D:15     | Found a white marble altar of Elyvilon.
 35819 | D:15     | Found a staircase to the Depths.
 35916 | D:15     | Noticed a storm dragon
 35928 | D:15     | Killed a storm dragon
 36288 | D:15     | Identified the +6 short sword "Rakuelac" {antimagic, rF++
                  | Int-3}
 37364 | D:15     | Reached skill level 10 in Dodging
 39158 | Spider:1 | Entered Level 1 of the Spider Nest
 39210 | Spider:1 | Noticed Donald
 39223 | Spider:1 | Killed Donald
 39286 | Spider:1 | Reached skill level 16 in Fighting
 39554 | Spider:1 | Noticed Agnes
 39572 | Spider:1 | Killed Agnes
 39751 | Spider:1 | Noticed Roxanne
 39784 | Spider:1 | Killed Roxanne
 39785 | Spider:1 | Reached XP level 17. HP: 140/144 MP: 5/17
 39812 | Spider:1 | Noticed Louise
 39817 | Spider:1 | Louise changed into Louise the cyan ugly thing
 39817 | Spider:1 | Noticed Louise
 39818 | Spider:1 | Noticed Nikola
 39822 | Spider:1 | Killed Louise the cyan ugly thing
 39828 | Spider:1 | Killed Nikola
 39831 | Spider:1 | Noticed Frances
 39879 | Spider:1 | Killed Frances
 40370 | Spider:1 | Noticed scarr's ghost (journeyman MDDe)
 40374 | Spider:1 | Found a transporter.
 40389 | Spider:1 | Found a transporter.
 40835 | Spider:2 | Noticed Mlioglotl
 40907 | Spider:2 | Killed Mlioglotl
 41043 | Spider:2 | Noticed Azrael
 41213 | Spider:2 | Killed Azrael
 42447 | Spider:3 | Reached skill level 15 in Armour
 42519 | Spider:3 | Noticed Arachne
 42536 | Spider:2 | Killed Arachne
 43428 | Spider:2 | Slain by a spark wasp

Illustrated notes

Levels and vault maps discovered:
D:1:      ncdulo_wetmaze, layout_basic
D:2:      layout_basic, chequers_ecumenical_altar_simple, minivault_24
D:3:      layout_basic, minmay_pentangle, uniq_terence
D:4:      layout_loops_corners, uniq_ijyb, uniq_pikel, uniq_crazy_yiuf_cottage
D:5:      layout_loops_corners, nicolae_yredelemnul_corpse_copse,
          grunt_gozag_breadcrumbs, general_overflow_altar, hangedman_decor_push
D:6:      nicolae_cairo_tiling, layout_loops_corners, evilmike_ruin_ashenzari,
          uniq_blork_the_orc
D:7:      layout_cave_pods, temple_fountains, serial_shops, shop,
          nicolae_tricolors, uniq_menkaure
D:8:      minmay_the_grid_triangle_9x9_rhombus_full
          [minmay_the_grid_triangle_9x9_thin_v,
          minmay_the_grid_triangle_9x9_empty,
          minmay_the_grid_triangle_9x9_skeleton,
          minmay_the_grid_triangle_9x9_subtriangle,
          minmay_the_grid_triangle_9x9_dagger,
          minmay_the_grid_triangle_9x9_warning,
          minmay_the_grid_triangle_9x9_longest,
          minmay_the_grid_triangle_9x9_prize_insulated], layout_rooms,
          makhleb_blood_cavern_becter, ebering_ghost_reflecting_pool,
          serial_shops, shop, eino_small_chamber_without_monster
D:9:      layout_layer_cave, mainiacjoe_overflow_tiny_flanked
D:10:     layout_irregular_city, mainiacjoe_overflow_alcove_1,
          nzn_wu_jian_council_hall, kennysheep_mini,
          nicolae_overflow_hallway_of_the_gods,
          gammafunk_ghost_berserking_beasts, enter_bailey_3
D:11:     layout_irregular_city, orc_0_dummy, hangedman_decor_opposing,
          led_xom_imps
D:12:     layout_loops_corners
D:13:     layout_irregular_city, serial_shops,
          nicolae_shop_bloodbath_and_beyond, kennysheep_boxes, uniq_urug,
          uniq_lodul
D:14:     layout_rooms, ximxim_vaults_locker_room, special_room
          [special_room_orc], chequers_serial_rivers_room_b, serial_shops,
          nicolae_shop_advertising_works [nicolae_subvault_shop_adworks],
          grunt_qazlal_clouds
D:15:     vault_1, layout_basic, nicolae_elyvilon_temple_path
Temple:   hellmonk_temple_beads
Lair:1:   layout_small_grid, grunt_megastairs_3, serial_bayou_shore_b,
          lemuel_fruit_fields
Lair:2:   layout_roguey, minmay_shoals_entry_centaurs,
          spider_nest_entry_funnel_web, ebering_ghost_rock_garden,
          evilmike_ambush [evilmike_ambush_outer_basic,
          evilmike_ambush_inner_basic]
Lair:3:   layout_misc_corridors
Lair:4:   layout_regular_city
Lair:5:   evil_forest, layout_misc_corridors, slime_entry_1,
          chequers_serial_rivers_large_a, nicolae_quartered_pool_medium,
          minivault_24, serial_bayou_shore_b
Shoals:1: cheibrodos_shoals_gigantism, layout_shoals,
          nicolae_shoals_siren_and_animal_friends
Spider:1: layout_spider_delve, gammafunk_ghost_arena, uniq_agnes, uniq_nikola,
          uniq_donald, uniq_frances, uniq_roxanne, uniq_louise
Spider:2: layout_spider_delve, uniq_mlioglotl, uniq_azrael
Spider:3: nicolae_spider_brood_tunnel, uniq_arachne
Orc:1:    nicolae_orc_accident_2, layout_diamond_mine, ebering_ghost_rock_garden
Orc:2:    st_orc_ogre_mass, layout_caves, nicolae_orc_beogh_chapel,
          hangedman_feature_mirror, uniq_maurice, uniq_josephine

Skill      XL: |  1  2  3  4  5  6  7  8  9 10 11 12 13 14 15 16 17 |
---------------+----------------------------------------------------+-----
Throwing       | 2 |  2.1
Dodging        | 3 4 5 8 10 11 | 11.5
Fighting       | 3 4 7 10 11 13 14 16 | 16.9
Long Blades    | 4 8 10 12 14 | 14.7
Stealth        | 2 5 |  5.2
Armour         | 5 8 10 11 13 14 15 | 15.1
Evocations     | 5 9 11 | 11.5

Action                     |  1- 3 |  4- 6 |  7- 9 | 10-12 | 13-15 | 16-18 || total
---------------------------+-------+-------+-------+-------+-------+-------++-------
  Melee: Long sword        |    53 |   220 |   358 |   879 |   120 |       ||  1630
         Dagger            |    47 |   117 |       |       |     5 |       ||   169
         Demon blade       |       |       |       |   278 |  1728 |  1415 ||  3421
         Quick blade       |       |       |       |       |    25 |       ||    25
  Throw: Dart              |       |       |       |     5 |       |       ||     5
         Throwing net      |       |       |       |     4 |     2 |       ||     6
         Javelin           |       |       |       |     2 |     1 |     1 ||     4
 Invoke: Potion Petition   |       |       |       |       |     2 |     2 ||     4
Ability: Invent Gizmo      |       |       |       |       |     1 |       ||     1
  Evoke: Wand              |       |     3 |     3 |    10 |    13 |    22 ||    51
         Lightning rod     |       |       |       |       |       |     2 ||     2
    Use: Scroll            |       |     5 |     2 |    12 |    13 |     6 ||    38
         Potion            |       |       |     1 |     1 |     1 |     6 ||     9
   Stab: Sleeping          |     1 |       |       |       |     2 |       ||     3
         Distracted        |       |       |       |     1 |    10 |     7 ||    18
         Invisible         |       |       |       |       |     2 |       ||     2
         Petrified         |       |       |       |       |       |     4 ||     4
         Held in net/web   |       |       |       |       |       |     1 ||     1
         Petrifying        |       |       |       |       |       |     1 ||     1
 Armour: Leather armour    |    16 |       |       |       |       |       ||    16
         Ring mail         |    11 |    34 |       |       |       |       ||    45
         Scale mail        |       |    33 |       |       |       |       ||    33
         Chain mail        |       |    84 |    11 |       |   192 |       ||   287
         Plate armour      |       |       |   137 |   512 |   576 |   595 ||  1820
  Dodge: Dodged            |    38 |    94 |    46 |   141 |   383 |   362 ||  1064
         Repelled          |       |       |       |       |       |     7 ||     7

Table legend: (Time is in decaauts)
 A = Elapsed time spent in this place.
 B = Non-inter-level travel time spent in this place.
 C = Inter-level travel time spent in this place.
 D = Time resting spent in this place.
 E = Time spent auto-exploring this place.
 F = Levels seen in this place.
 G = Mean time per level.
                   A        B        C        D        E       F      G
               +--------+--------+--------+--------+--------+-----+--------+
         Total |  42605 |  40014 |   2591 |  15248 |  16027 |  28 | 1521.6 |
       Dungeon |  24324 |  22790 |   1534 |   7538 |  10682 |  15 | 1621.6 |
        Temple |      1 |      1 |      0 |      0 |      0 |   1 |    1.0 |
          Lair |   9688 |   8971 |    717 |   3876 |   3161 |   5 | 1937.6 |
        Shoals |     97 |     97 |      0 |     29 |      2 |   1 |   97.0 |
   Spider Nest |   4096 |   3898 |    198 |   1890 |   1144 |   3 | 1365.3 |
  Orcish Mines |   3674 |   3532 |    142 |   1668 |    988 |   2 | 1837.0 |
        Bailey |    723 |    723 |      0 |    245 |     50 |   1 |  723.0 |
               +--------+--------+--------+--------+--------+-----+--------+

Top non-repeatable levels by time:
  Lair:2: 3867 daAuts
     D:8: 3148 daAuts
    D:15: 2802 daAuts
   Orc:1: 2104 daAuts
  Lair:5: 2061 daAuts
Spider:1: 2001 daAuts
     D:9: 1987 daAuts
    D:10: 1937 daAuts
Spider:2: 1935 daAuts
    D:12: 1774 daAuts
     D:4: 1600 daAuts
   Orc:2: 1569 daAuts
     D:6: 1535 daAuts
  Lair:4: 1482 daAuts
     D:5: 1470 daAuts
